 Dungeon Crawl Stone Soup version 0.20-a0-537-g052e6ba (webtiles) character file.

186 kroki the Insei (level 5, -14/34 HPs)
             Began as an Octopode Transmuter on Jan 28, 2017.
             Demolished by Menkaure (24 damage)
             ... on level 4 of the Dungeon.
             The game lasted 00:05:42 (4286 turns).

kroki the Insei (Octopode Transmuter)               Turns: 4286, Time: 00:05:43

Health: -14/34     AC:  1    Str: 10    XL:     5   Next: 65%
Magic:  4/8        EV: 13    Int: 16    God:
Gold:   101        SH:  0    Dex: 12    Spells: 3/8 levels left

rFire    . . .     SeeInvis .     - Unarmed
rCold    . . .     Gourm    .   (no shield)
rNeg     . . .     Faith    .   (helmet restricted)
rPois    .         Spirit   .   (no amulet)
rElec    .         Reflect  .   (no ring)
rCorr    .         Harm     .   (no ring)
MR       .....                  (no ring)
Stlth    ++........             (no ring)
Regen    0.2/turn               (no ring)
                                (no ring)
                                (no ring)
                                (no ring)

@: no status effects
A: almost no armour, stealthy swim, amphibious, 8 rings, constrict 8, camouflage
1, gelatinous body 1
a: no special abilities


You were on level 4 of the Dungeon.
You were hungry.

You visited 1 branch of the dungeon, and saw 4 of its levels.

You collected 101 gold pieces.

Inventory:

Missiles
 a - 65 arrows
Jewellery
 n - an uncursed ring of magical power {unknown}
   (You found it on level 2 of the Dungeon)
 p - a cursed -3 ring of protection {unknown}
   (You found it on level 2 of the Dungeon)
Scrolls
 k - 2 scrolls of random uselessness
 m - a scroll of amnesia
Potions
 d - 3 potions of heal wounds
 e - a potion of lignification {unknown}
 g - a potion of resistance {unknown}
 i - a potion of brilliance {unknown}
 j - 3 potions of curing {unknown}
 o - a potion of flight {unknown}
 q - a potion of agility {unknown}
Books
 b - a book of Changes
Comestibles
 c - a bread ration {@e1}
 f - 5 fruits
 h - 3 meat rations {@e2}
 r - a royal jelly


   Skills:
 + Level 2.0 Fighting
 + Level 2.4 Dodging
 - Level 0.8 Stealth
 + Level 4.8 Unarmed Combat
 - Level 2.0 Spellcasting
 + Level 2.6 Transmutations
 - Level 2.0 Poison Magic


You had 3 spell levels left.
You knew the following spells:

 Your Spells              Type           Power        Failure   Level  Hunger
c - Spider Form           Tmut/Pois      #.........   28%         3    ###....
s - Sticks to Snakes      Tmut           #.......     12%         2    ###....


Dungeon Overview and Level Annotations

Branches:
Dungeon (4/15)
 Temple: D:4-7

Altars:

Annotations:
D:2 exclusion: goblin, Sigmund
D:4 Menkaure, Natasha


Innate Abilities, Weirdness & Mutations

You cannot wear most types of armour.
You are very stealthy in the water. (Stealth+)
You are amphibious.
You can wear up to eight rings at the same time.
You can use your tentacles to constrict eight enemies at once.
Your skin changes colour to match your surroundings (Stealth+).
Your rubbery body absorbs attacks. (AC +1, EV +1)


Message History

MP restored: 8 You are feeling very hungry.
You are too injured to fight recklessly!
You regained 6 hp, and now have 27/34 hp.
You butcher the giant cockroach corpse.
l - a chunk of flesh {@w0} Eating a chunk of flesh {@w0}.
You eat the chunk of flesh {@w0}.
You butcher the orc corpse.
l - 3 chunks of flesh {@w0} You see here a scale mail. x2
A rat comes into view.
The rat twitches its whiskers.
Health restored: 34 A rat is nearby!
A rat is nearby!
A rat is nearby!
You bludgeon the rat!
You kill the rat!
q - a glowing red potion
Found a stone staircase leading down.
You open the door.
There is an open door here.
All of the chunks of flesh in your inventory have rotted away.
You now have 101 gold pieces (gained 10).
A goblin comes into view.
The goblin shouts!
A goblin is nearby!
A goblin is nearby!
A goblin is nearby!
You are feeling hungry.
A goblin is nearby!
You tentacle-slap the goblin. Your grab misses the goblin.
You squeeze the goblin.
You kill the goblin!
You see here a goblin corpse.
You butcher the goblin corpse.
l - 3 chunks of flesh {@w0} Eating one of 3 chunks of flesh {@w0}.
You eat one of the 3 chunks of flesh {@w0}.
Found an escape hatch in the ceiling.
d - 3 potions of heal wounds (gained 1)
There is an escape hatch in the ceiling here.
A giant cockroach comes into view.
A giant cockroach is nearby!
A giant cockroach is nearby!
A giant cockroach is nearby!
A giant cockroach is nearby!
A giant cockroach is nearby!
You barely miss the giant cockroach. You grab the giant cockroach.
You constrict the giant cockroach. The giant cockroach bites you.
You take 1 damage, and have 33/34 hp.
A giant cockroach is nearby!
You barely miss the giant cockroach. You constrict the giant cockroach.
You kill the giant cockroach!
r - a royal jelly
There is an open door here.
A kobold comes into view. It is wielding a club.
The kobold moves out of view.
Health restored: 34 All of the chunks of flesh in your inventory have rotted away.
j - 3 fuming cyan potions (gained 1)
You see here a pair of boots.
There is an open door here.
You are feeling hungry.
You open the door.
There is an open door here.
Done exploring.
Done exploring.
Done exploring.
There is an open door here.
There is an escape hatch in the floor here.
You slide downwards.
The hatch slams shut behind you.
Menkaure and Natasha come into view.
Okay, then.
Okay, then.
You create a snake!
You now have 66 arrows.
Menkaure hits you!!
Ouch! That really hurt!
You take 20 damage, and have 14/34 hp.
MASSIVE DAMAGE!!
You now have 6/8 mp.
Casting: Sticks to Snakes You create a snake!
You now have 65 arrows.
Your ball python barely misses Menkaure. x2
Menkaure barely misses you.
You now have 4/8 mp.
Unknown command.
You tentacle-slap Menkaure. You grab Menkaure. You constrict Menkaure.
Your ball python bites Menkaure.
You tentacle-slap Menkaure but do no damage.
You squeeze Menkaure. You constrict Menkaure. Menkaure hits you.
* * * LOW HITPOINT WARNING * * *
Your ball python bites Menkaure but does no damage.
You take 5 damage, and have 9/34 hp.
Unknown command.
You tentacle-slap Menkaure but do no damage.
You squeeze Menkaure. You constrict Menkaure.
Your ball python bites Menkaure but does no damage.
Menkaure hits you!!
Ouch! That really hurt!
You die...

#. .# ..
#.## #..###
# .S.) ...
####M##.....
#.S@.......h
#####.#..###
.# #≈. .. .
... ....
....# .....


You could see Menkaure, a friendly adder and a friendly ball python.

Vanquished Creatures
  An orc priest (D:3)
  2 worker ant zombies (D:3)
  5 adders
  An ooze (D:1)
  3 worms (D:2)
  5 leopard geckos
  7 orcs (D:3)
  4 giant cockroaches
  5 goblins
  7 hobgoblins
  4 jackals (D:3)
  2 kobolds
  3 quokkas
  A ball python zombie (D:3)
  7 bats
  3 frilled lizards
  8 rats
68 creatures vanquished.

Vanquished Creatures (others)
  4 toadstools (D:1)
4 creatures vanquished.

Grand Total: 72 creatures vanquished

Notes
Turn   | Place    | Note
-------+----------+-------------------------------------------
     0 | D:1      | kroki the Octopode Transmuter began the quest for the Orb.
     0 | D:1      | Reached XP level 1. HP: 13/13 MP: 3/3
   187 | D:1      | Reached XP level 2. HP: 11/18 MP: 3/5
   751 | D:1      | Reached skill level 4 in Unarmed Combat
   754 | D:1      | Reached XP level 3. HP: 16/23 MP: 4/6
  1083 | D:1      | Learned a level 3 spell: Spider Form
  1086 | D:1      | Learned a level 2 spell: Sticks to Snakes
  1113 | D:2      | Noticed Sigmund
  1595 | D:2      | Reached skill level 1 in Poison Magic
  1809 | D:2      | Reached XP level 4. HP: 28/28 MP: 3/7
  2235 | D:2      | Reached skill level 2 in Poison Magic
  3015 | D:3      | Reached XP level 5. HP: 14/34 MP: 4/8
  3481 | D:3      | Reached skill level 2 in Fighting
  4279 | D:4      | Noticed Natasha
  4279 | D:4      | Noticed Menkaure
  4286 | D:4      | Demolished by Menkaure

Vault maps used:
D:1:      ldierk_water_garden
D:2:      uniq_sigmund
D:3:      serial_undead, serial_undead_c, serial_undead_f, serial_undead_c,
          serial_undead_b
D:4:      kennysheep_mini_moat, serial_aquarium, aquarium_bridge_square,
          aquarium_bridge_long_separate, aquarium_window_corner,
          aquarium_window_fake, aquarium_view_2d, aquarium_view_2d,
          aquarium_balcony_1a, first_bread, uniq_natasha, uniq_menkaure

Skill      XL: |  1  2  3  4  5 |
---------------+----------------+-----
Unarmed Combat | 4 |  4.8
Poison Magic   | 1 2 |  2.0
Fighting       | 2 |  2.0
Dodging        | |  2.4
Stealth        | |  0.8
Spellcasting   | |  2.0
Transmutations | |  2.6

Action                   |  1- 3 |  4- 6 || total
-------------------------+-------+-------++-------
Melee: Unarmed           |    57 |   114 ||   171
       Constrict         |    13 |    24 ||    37
       Tentacles         |     6 |    17 ||    23
       Kick              |     8 |       ||     8
       Punch             |     4 |     4 ||     8
 Cast: Beastly Appendage |     8 |       ||     8
       Spider Form       |     1 |     5 ||     6
       Sticks to Snakes  |       |     3 ||     3
  Use: Scroll            |     3 |     3 ||     6
 Stab: Sleeping          |     6 |     5 ||    11
  Eat: Chunk             |     3 |     8 ||    11
Armor: Skin              |     5 |    11 ||    16
Dodge: Dodged            |    35 |    65 ||   100

Vault maps used:
D:1:      ldierk_water_garden
D:2:      uniq_sigmund
D:3:      serial_undead, serial_undead_c, serial_undead_f, serial_undead_c,
          serial_undead_b
D:4:      kennysheep_mini_moat, serial_aquarium, aquarium_bridge_square,
          aquarium_bridge_long_separate, aquarium_window_corner,
          aquarium_window_fake, aquarium_view_2d, aquarium_view_2d,
          aquarium_balcony_1a, first_bread, uniq_natasha, uniq_menkaure

Table legend:
 A = Turns spent in this place as a percentage of turns spent in the entire game.
 B = Non-inter-level travel turns spent in this place as a percentage of non-inter-level travel turns spent in the entire game.
 C = Inter-level travel turns spent in this place as a percentage of turns spent in this place.
 D = Turns resting spent in this place as a percentage of non-inter-level travel turns spent in this place.
 E = Turns spent auto-exploring this place as a percentage of non-inter-level travel turns spent in this place.
 F = Non-inter-level travel turns spent in this place divided by the number of levels of this place that you've seen.
                   A       B       C       D       E      F
               +-------+-------+-------+-------+-------+----------------------
         Total | 100.0 | 100.0 |   0.4 |   2.1 |   7.1 | 350.0
       Dungeon | 100.0 | 100.0 |   0.4 |   2.1 |   7.1 | 350.0
               +-------+-------+-------+-------+-------+----------------------

Table legend:
 A = Kills in this place as a percentage of kills in entire the game.
 B = Kills by you in this place as a percentage of kills by you in the entire game.
 C = Kills by friends in this place as a percentage of kills by friends in the entire game.
 D = Other kills in this place as a percentage of other kills in the entire game.
 E = Experience gained in this place as a percentage of experience gained in the entire game.
 F = Experience gained in this place divided by the number of levels of this place that you have seen.
                   A       B       C       D       E      F
               +-------+-------+-------+-------+-------+----------------------
         Total | 100.0 | 100.0 |  -nan |  -nan | 100.0 |  66.5
       Dungeon | 100.0 | 100.0 |  -nan |  -nan | 100.0 |  66.5
               +-------+-------+-------+-------+-------+----------------------
